 Dungeon Crawl Stone Soup version 0.17.0-1-g61d176b (console) character file.

60 gw the Firebug (level 3, -2/29 HPs)
             Began as a Demigod Fire Elementalist on Nov 8, 2015.
             Slain by a gnoll (3 damage)
             ... on level 2 of the Dungeon.
             The game lasted 00:02:22 (2131 turns).

gw the Firebug (Demigod Fire Elementalist)          Turns: 2131, Time: 00:02:22

Health: -2/29      AC:  2    Str: 11    XL:     3   Next: 55%
Magic:  0/8        EV: 12    Int: 21    God:
Gold:   38         SH:  0    Dex: 16    Spells: 1 memorised, 5 levels left

rFire  . . .     SeeInvis .     a - +0 club
rCold  . . .     Clarity  .     d - +0 robe
rNeg   . . .     SustAt   +     (no shield)
rPois  .         Gourm    .     (no helmet)
rElec  .         Spirit   .     (no cloak)
rCorr  .         Warding  .     (no gloves)
rMut   .         Stasis   .     (no boots)
MR     .....                    (no amulet)
Stlth  ++........               (no ring)
                                (no ring)

@: not resistant to hostile enchantments, unstealthy
A: high mp 1, sustain attributes
a: no special abilities


You were on level 2 of the Dungeon.
You were not hungry.

You visited 1 branch of the dungeon, and saw 2 of its levels.

You collected 38 gold pieces.

Inventory:

Hand Weapons
 a - a +0 club (weapon)
Missiles
 e - 19 bolts
Armour
 d - a +0 robe (worn)
Books
 b - a book of Flames

   Spells                             Type                      Level
   a - Flame Tongue                   Conjuration/Fire             1
   b - Throw Flame                    Conjuration/Fire             2
   c - Conjure Flame                  Conjuration/Fire             3
   d - Inner Flame                    Hexes/Fire                   3
   e - Sticky Flame                   Conjuration/Fire             4
   f - Fireball                       Conjuration/Fire             5
Comestibles
 c - a bread ration


   Skills:
 * Level 2.0 Fighting
 + Level 1.1 Maces & Flails
 + Level 1.0 Armour
 - Level 1.7 Dodging
 - Level 1.7 Stealth
 + Level 2.1 Spellcasting
 - Level 0.8 Conjurations
 - Level 2.6 Fire Magic


You had 5 spell levels left.
You knew the following spells:

 Your Spells              Type           Power        Failure   Level  Hunger
a - Flame Tongue          Conj/Fire      #....        10%         1    #......


Dungeon Overview and Level Annotations

Branches:
Dungeon (2/15)


Innate Abilities, Weirdness & Mutations

You have an increased reservoir of magic (+10% MP).
Your attributes are resistant to harm.


Message History

Confirm with . or Enter, or press ? or * to list all spells.
Aiming: Flame Tongue
Press: ? - help, Shift-Dir - straight line, f - gnoll
Aim: a gnoll (moderately wounded)
The flame tongue hits the gnoll.
The gnoll appears unharmed.
The gnoll is moderately wounded.
The gnoll hits you but does no damage.
Unknown command.
Unknown command.
Unknown command.
Unknown command.
Unknown command.
Unknown command.
Unknown command.
FLEEEEING!
ATTACKING (0,1)
You hit the gnoll but do no damage.
The gnoll is moderately wounded.
The gnoll hits you.
You die...

#....%.....#................
#....#######......._........
#....#### #........########
#.......####........#
#..........#........#
#..........#........#######
..............>............
.....#)#....##.####........
.#####.##...##..p##........
..# #.##..(####g##.g......
..##......##...........g...
...#......##.......#.......
.#.#...............#...h..h
.#..##.##..........#..K..h.
#.##.##..........#......h #
#.##....###.###.......
#....# #.# .g.....


You could see a gnoll.

Table legend:
 A = Turns spent in this place as a percentage of turns spent in the entire game.
 B = Non-inter-level travel turns spent in this place as a percentage of non-inter-level travel turns spent in the entire game.
 C = Inter-level travel turns spent in this place as a percentage of turns spent in this place.
 D = Turns resting spent in this place as a percentage of non-inter-level travel turns spent in this place.
 E = Turns spent auto-exploring this place as a percentage of non-inter-level travel turns spent in this place.
 F = Non-inter-level travel turns spent in this place divided by the number of levels of this place that you've seen.
                   A       B       C       D       E      F
               +-------+-------+-------+-------+-------+----------------------
         Total | 100.0 | 100.0 |   0.4 |   2.0 |   2.3 | 1688.5
       Dungeon | 100.0 | 100.0 |   0.4 |   2.0 |   2.3 | 1688.5
               +-------+-------+-------+-------+-------+----------------------

Table legend:
 A = Kills in this place as a percentage of kills in entire the game.
 B = Kills by you in this place as a percentage of kills by you in the entire game.
 C = Kills by friends in this place as a percentage of kills by friends in the entire game.
 D = Other kills in this place as a percentage of other kills in the entire game.
 E = Experience gained in this place as a percentage of experience gained in the entire game.
 F = Experience gained in this place divided by the number of levels of this place that you have seen.
                   A       B       C       D       E      F
               +-------+-------+-------+-------+-------+----------------------
         Total | 100.0 | 100.0 |  -nan |  -nan | 100.0 |  43.0
       Dungeon | 100.0 | 100.0 |  -nan |  -nan | 100.0 |  43.0
               +-------+-------+-------+-------+-------+----------------------

Vanquished Creatures
  2 gnolls
  An adder (D:2)
  2 giant geckos
  A ball python (D:1)
  4 bats
  6 hobgoblins
  2 jackals (D:2)
  2 giant cockroaches
  2 giant newts (D:2)
  3 goblins
  4 kobolds
29 creatures vanquished.

Notes
Turn   | Place    | Note
--------------------------------------------------------------
     0 | D:1      | gw the Demigod Fire Elementalist began the quest for the Orb.
     0 | D:1      | Reached XP level 1. HP: 14/14 MP: 5/5
   463 | D:1      | Reached skill level 1 in Fighting
   661 | D:1      | Reached XP level 2. HP: 23/23 MP: 5/7
  1615 | D:2      | Reached skill level 1 in Maces & Flails
  1677 | D:2      | Reached XP level 3. HP: 28/28 MP: 4/8
  1712 | D:2      | Found a sparkling altar of Nemelex Xobeh.
  1855 | D:2      | Reached skill level 1 in Armour
  2129 | D:2      | HP: 1/29 [gnoll (6)]
  2131 | D:2      | Slain by a gnoll

Action                   || total
-------------------------++-------
Melee: Club              ||    16
 Cast: Flame Tongue      ||    72
  Eat: Chunk             ||     5

Vault maps used:
D:1:      dpeg_arrival_chambers_temple_mockup
D:2:      led_sif_pool, nemelex_deck
